 Dungeon Crawl Stone Soup version 0.19.1-28-ge1247f7 (webtiles) character file.

27396 Mefis the Thaumaturge (level 13, 0/64 HPs)
             Began as a Deep Elf Wizard on Jan 21, 2017.
             Was a Priest of Sif Muna.
             Slain by a vault guard
             ... wielding a +0 bardiche
              (17 damage)
             ... on level 13 of the Dungeon.
             The game lasted 01:14:36 (22426 turns).

Mefis the Thaumaturge (Deep Elf Wizard)            Turns: 22426, Time: 01:14:38

Health: 0/64       AC: 10    Str:  7    XL:     13   Next: 4%
Magic:  31/32      EV: 17    Int: 29    God:    Sif Muna [***...]
Gold:   410        SH:  0    Dex: 13    Spells: 10 memorised, 3 levels left

rFire  . . .     SeeInvis .     a - staff of conjuration
rCold  . . .     Gourm    .     G - +2 robe of Insatiable Hunger {Str+3 Slay+3}
rNeg   . . .     Faith    +     (no shield)
rPois  .         Spirit   .     H - +0 helmet
rElec  .         Reflect  .     E - +0 cloak
rCorr  .         Harm     .     k - +2 pair of gloves
MR     ++...                    j - +0 pair of boots
Stlth  +++.......               h - amulet of faith
                                w - ring of wizardry
                                g - ring of protection from magic

@: lethally poisoned (0 -> -11), slowed, divine energy, very slow
A: no striking features
a: Stop Divine Energy, Channel Magic, Renounce Religion


You were on level 13 of the Dungeon.
You worshipped Sif Muna.
Sif Muna was most pleased with you.
You were hungry.

You visited 3 branches of the dungeon, and saw 15 of its levels.

You collected 624 gold pieces.
You spent 214 gold pieces at shops.

Inventory:

Hand Weapons
 b - the +4 halberd of the Apocalypse {chaos, Str+4 Dex-4 SInv}
   (You found it on level 11 of the Dungeon)

   Each time it hits an enemy it has a different, random effect.
   It affects your strength (+4).
   It affects your dexterity (-4).
   It lets you see invisible.
 O - a +3 short sword of draining
Missiles
 p - 7 poisoned needles
 D - 3 throwing nets (quivered)
Armour
 j - a +0 pair of boots (worn)
 k - a +2 pair of gloves (worn)
 E - a +0 cloak (worn)
 G - the +2 robe of Insatiable Hunger (worn) {Str+3 Slay+3}
   (You took it off an orc priest on level 10 of the Dungeon)

   It affects your strength (+3).
   It affects your accuracy and damage with ranged weapons and melee attacks
   (+3).
 H - a +0 helmet (worn)
Magical Staves
 a - an uncursed staff of conjuration (weapon)
Jewellery
 g - a ring of protection from magic (left hand)
 h - an amulet of faith (around neck)
 w - a ring of wizardry (right hand)
 I - an uncursed ring of resist corrosion
 S - an uncursed ring of see invisible {unknown}
Wands
 o - a wand of polymorph (11/24)
 U - a wand of disintegration (14/24)
 V - a wand of slowing (13/48)
 Y - a wand of paralysis (9/24)
 Z - a wand of lightning (11/15)
Scrolls
 f - 5 scrolls of fog
 n - a scroll of teleportation
 r - a scroll of magic mapping
 s - 3 scrolls of recharging
 u - a scroll of identify
 x - 7 scrolls of remove curse
 y - a scroll of silence {unknown}
 B - a scroll of fear
 F - 2 scrolls of noise
 M - 3 scrolls of blinking
 R - a scroll of enchant weapon
Potions
 c - a potion of magic {unknown}
 e - a potion of resistance
 l - a potion of heal wounds
 m - 8 potions of curing
 t - a potion of beneficial mutation {unknown}
 v - 3 potions of brilliance
 A - a potion of cancellation {unknown}
 C - a potion of degeneration {unknown}
 L - 4 potions of invisibility
Books
 i - Sif Muna's Guide on Assistive Curses
   (Sif Muna gifted it to you on level 11 of the Dungeon)

   Spells                             Type                      Level
   a - Summon Guardian Golem          Hexes/Summoning              3
   b - Excruciating Wounds            Charms/Necromancy            5
   c - Silence                        Hexes/Air                    5
 z - a book of Air

   Spells                             Type                      Level
   a - Shock                          Conjuration/Air              1
   b - Swiftness                      Charms/Air                   2
   c - Repel Missiles                 Charms/Air                   2
   d - Static Discharge               Conjuration/Air              3
   e - Lightning Bolt                 Conjuration/Air              5
 K - Raimmouz's Collected Works on the Quantum Blaze
   (Sif Muna gifted it to you on level 11 of the Dungeon)

   Spells                             Type                      Level
   a - Shroud of Golubria             Charms/Translocation         2
   b - Recall                         Summoning/Translocation      3
   c - Sticky Flame                   Conjuration/Fire             4
   d - Force Lance                    Conjuration/Translocation    4
   e - Fireball                       Conjuration/Fire             5
 P - a book of the Sky

   Spells                             Type                      Level
   a - Summon Lightning Spire         Summoning/Air                4
   b - Airstrike                      Air                          4
   c - Silence                        Hexes/Air                    5
   d - Deflect Missiles               Charms/Air                   6
   e - Conjure Ball Lightning         Conjuration/Air              6
   f - Tornado                        Air                          9
Miscellaneous
 N - a phial of floods
Comestibles
 d - 9 bread rations
 q - a royal jelly
 J - 5 beef jerkies
 Q - 10 slices of pizza


   Skills:
 + Level 1.0 Fighting
 + Level 1.2 Staves
 + Level 9.4 Dodging
 - Level 6.7 Stealth
 * Level 13.4 Spellcasting
 + Level 8.2 Conjurations
 - Level 5.5 Hexes
 - Level 7.1 Charms
 + Level 7.7 Summonings
 + Level 4.8 Necromancy
 - Level 1.1 Translocations
 + Level 6.1 Fire Magic
 * Level 6.0 Air Magic
   Level 0.7 Poison Magic
 + Level 5.7 Invocations
 + Level 7.3 Evocations


You had 3 spell levels left.
You knew the following spells:

 Your Spells              Type           Power        Failure   Level  Hunger
a - Sticky Flame          Conj/Fire      ######..     1%          4    None
c - Blink                 Tloc           N/A          1%          2    None
d - Lightning Bolt        Conj/Air       ######....   1%          5    #......
g - Slow                  Hex            ######..     1%          2    None
i - Deflect Missiles      Chrm/Air       ######....   14%         6    ####...
m - Summon Lightning Spi  Summ/Air       ######..     1%          4    None
o - Shroud of Golubria    Chrm/Tloc      #####.....   1%          2    None
p - Regeneration          Chrm/Necr      ######....   1%          3    None
s - Fireball              Conj/Fire      ######....   1%          5    #......
x - Swiftness             Chrm/Air       ######..     1%          2    None


Dungeon Overview and Level Annotations

Branches:
Dungeon (13/15)            Temple (1/1) D:7            Lair (1/6) D:11
    Orc (0/2) D:11         Vaults (0/5) D:13

Altars:
Ashenzari
Cheibriados
Dithmenos
Elyvilon
Fedhas
Gozag
Hepliaklqana
Kikubaaqudgha
Makhleb
Nemelex Xobeh
Okawaru
Qazlal
Ru
Sif Muna
Trog
Uskayaw
Vehumet
Xom
Yredelemnul
Zin
The Shining One

Shops:
D:5 ?

Annotations:
D:13 exclusion: oklob plant, Sonja


Message History

Confirm with . or Enter, or press ? or * to list all spells.
You blink.
Found a stone staircase leading down.
An iguana comes into view.
You can't go up here!
Sonja shoots a curare-tipped needle.
You deflect the curare-tipped needle!
Sonja shoots a curare-tipped needle.
You deflect the curare-tipped needle!
You feel less protected from missiles.
Sonja shoots a curare-tipped needle.
The curare-tipped needle hits you.
You are poisoned.
You have difficulty breathing.
You feel yourself slow down.
You see here 3 curare-tipped needles.
You feel sick.
Sonja shoots a curare-tipped needle.
The curare-tipped needle hits you.
You are more poisoned.
You have difficulty breathing.
* * * LOW HITPOINT WARNING * * *
You feel as though you will be slow longer.
The vault guard hits you from afar with a bardiche!
You die...

#.Y#.....#
##Y#.....*
#(#....,*
#.......#
##.#.####
#######.#.#
********
#.......K.#
*,,,,,,,
*.#####p..#
*,******
*,#..@(...#
*,* *
*,#.####..#*
**,******
*,#,,,,..>.#
*,,,,,,,,
*,***,,....#
*,,,,,,,,
*,* *,,....#
*,,,,,,,,
*,* *,.....#
*,,,,,,,,
*,* *,,,l..#
*,,,,,,,,
*,* *,,,,,,*
**,******
*,* *,,,,,,*
*,* *


You could see a vault guard and Sonja.

Vanquished Creatures
  3 vault guards (D:13)
  2 centaur warriors
  An unseen horror (D:11)
  4 hill giants
  A flayed ghost (D:11)
  An orc knight (D:10)
  A deep elf mage (D:11)
  2 ugly things
  An oklob plant (D:11)
  A cyclops (D:11)
  A moth of wrath (shapeshifter) (D:11)
  Maurice (D:8)
  A gargoyle (D:10)
  Psyche (D:8)
  Joseph (D:10)
  A spiny frog (Lair:1)
  A freezing wraith (D:11)
  A komodo dragon (Lair:1)
  A kobold demonologist (D:12)
  3 meliai (D:12)
  A two-headed ogre (D:11)
  2 hippogriffs (D:11)
  Sigmund (D:4)
  6 wraiths (D:11)
  15 yaks
  A wyvern (D:8)
  5 fire bats (D:11)
  A human (D:8)
  3 hogs (D:8)
  3 vampire mosquitoes
  2 hungry ghosts (D:9)
  A basilisk (D:11)
  A soldier ant (D:12)
  2 water moccasins (D:11)
  5 orc warriors
  7 ice beasts
  2 sky beasts
  2 phantoms
  A black bear (D:7)
  3 necrophages
  4 ogres
  6 centaurs
  3 big kobolds
  2 crocodiles
  11 bullfrogs
  11 scorpions
  8 killer bees
  9 wights
  11 howler monkeys
  8 crimson imps
  2 bullfrog zombies
  4 centaur zombies
  2 quasits
  3 bullfrog skeletons
  2 lava snakes (D:8)
  4 jellies
  17 orc wizards
  2 centaur skeletons
  7 orc priests
  Crazy Yiuf (D:3)
  4 hounds
  Ijyb (D:3)
  Natasha (thrice) (D:3)
  Terence (D:2)
  4 iguanas
  12 worker ants
  A hound zombie (D:6)
  A hound skeleton (D:10)
  2 worker ant zombies
  Robin (D:4)
  9 gnolls
  15 adders
  2 shadow imps
  2 adder skeletons
  2 worms (D:4)
  10 leopard geckos
  53 orcs
  7 giant cockroaches
  17 goblins
  12 hobgoblins
  22 jackals
  11 kobolds
  7 quokkas
  31 bats
  7 frilled lizards
  14 rats
  A fungus (D:10)
  2 plants (D:11)
464 creatures vanquished.

Vanquished Creatures (collateral kills)
  The ghost of dscm the Thaumaturge, a novice OpMo of Sif Muna (D:9)
  The ghost of Alarkh the Cleaver, a novice DsMo (D:4)
  A troll (D:9)
  Edmund (D:3)
  An orc warrior (D:9)
  A centaur (D:9)
  2 orc wizards (D:9)
  3 orcs
  A goblin (D:3)
12 creatures vanquished.

Vanquished Creatures (others)
  3 plants (D:13)
3 creatures vanquished.

Grand Total: 479 creatures vanquished

Notes
Turn   | Place    | Note
-------+----------+-------------------------------------------
     0 | D:1      | Mefis the Deep Elf Wizard began the quest for the Orb.
     0 | D:1      | Reached XP level 1. HP: 10/10 MP: 7/7
   275 | D:1      | Reached XP level 2. HP: 15/15 MP: 2/9
   279 | D:1      | Learned a level 2 spell: Call Imp
   282 | D:1      | Learned a level 2 spell: Blink
   285 | D:1      | Learned a level 2 spell: Repel Missiles
   449 | D:1      | Reached skill level 5 in Spellcasting
   929 | D:2      | Noticed Terence
  1110 | D:2      | Reached XP level 3. HP: 19/19 MP: 5/11
  1132 | D:2      | Learned a level 3 spell: Mephitic Cloud
  2604 | D:2      | Killed Terence
  2604 | D:2      | Reached skill level 1 in Air Magic
  2604 | D:2      | Reached XP level 4. HP: 24/24 MP: 2/13
  2799 | D:3      | Noticed Ijyb
  2819 | D:3      | Killed Ijyb
  3059 | D:3      | Noticed Natasha
  3072 | D:3      | Killed Natasha
  3072 | D:3      | Reached skill level 6 in Spellcasting
  3072 | D:3      | Reached XP level 5. HP: 28/28 MP: 4/15
  3257 | D:3      | Reached skill level 1 in Charms
  3427 | D:3      | Found a runed door.
  3547 | D:3      | Noticed Natasha
  3553 | D:3      | Killed Natasha
  3744 | D:3      | Noticed Crazy Yiuf
  3757 | D:3      | Killed Crazy Yiuf
  3896 | D:3      | Reached skill level 1 in Evocations
  4063 | D:4      | Reached XP level 6. HP: 32/32 MP: 10/17
  4136 | D:4      | Noticed Sigmund
  4422 | D:4      | Noticed Edmund
  4422 | D:4      | Killed Sigmund
  4456 | D:3      | Noticed Natasha
  4462 | D:3      | Killed Natasha
  4570 | D:4      | Noticed Alarkh's ghost (novice DsMo)
  4613 | D:4      | Killed Alarkh's ghost
  4613 | D:4      | Reached skill level 7 in Spellcasting
  4613 | D:4      | Reached XP level 7. HP: 7/36 MP: 3/19
  4923 | D:4      | Noticed Robin
  5007 | D:3      | Killed Edmund
  5114 | D:4      | Killed Robin
  5443 | D:4      | Noticed a moth of wrath
  5446 | D:4      | Found a bloodstained altar of Trog.
  5600 | D:4      | Reached XP level 8. HP: 41/41 MP: 14/21
  5605 | D:4      | Learned a level 3 spell: Conjure Flame
  5608 | D:4      | Learned a level 2 spell: Slow
  5613 | D:4      | Reached skill level 5 in Stealth
  5819 | D:5      | Entered Level 5 of the Dungeon
  6184 | D:5      | Found a sparkling altar of Nemelex Xobeh.
  6221 | D:5      | Found Domagiy's Magic Scroll Boutique.
  6232 | D:5      | Reached skill level 8 in Spellcasting
  6252 | D:5      | Reached skill level 5 in Dodging
  6252 | D:5      | Reached skill level 1 in Hexes
  6602 | D:5      | You fall through a shaft for 3 floors!
  6650 | D:7      | Found a staircase to the Ecumenical Temple.
  6659 | Temple   | Entered the Ecumenical Temple
  6714 | Temple   | Became a worshipper of Sif Muna the Loreminder
  7425 | D:5      | Bought a scroll of teleportation for 39 gold pieces
  7425 | D:5      | Bought a scroll of fog for 26 gold pieces
  7425 | D:5      | Bought a scroll of identify for 26 gold pieces
  7425 | D:5      | Bought a scroll of blinking for 97 gold pieces
  7425 | D:5      | Bought a scroll of identify for 26 gold pieces
  8022 | D:6      | Reached * piety under Sif Muna
  8022 | D:6      | Reached skill level 9 in Spellcasting
  8054 | D:5      | Reached XP level 9. HP: 45/45 MP: 6/24
  8909 | D:7      | Reached skill level 5 in Charms
  9019 | D:7      | Reached ** piety under Sif Muna
  9770 | D:8      | Reached skill level 5 in Conjurations
 10067 | D:8      | Found a glowing silver altar of Zin.
 10372 | D:8      | Reached skill level 10 in Spellcasting
 10736 | D:8      | Noticed Maurice
 10739 | D:8      | Noticed Psyche
 10783 | D:8      | Reached *** piety under Sif Muna
 10783 | D:8      | Reached XP level 10. HP: 50/50 MP: 22/26
 10949 | D:8      | Killed Psyche
 11845 | D:8      | Killed Maurice
 12026 | D:9      | Reached skill level 5 in Evocations
 12318 | D:9      | Noticed dscm's ghost (novice OpMo)
 12333 | D:9      | Killed dscm's ghost
 12333 | D:9      | Reached skill level 5 in Summonings
 12333 | D:9      | Reached skill level 1 in Invocations
 12346 | D:9      | Reached **** piety under Sif Muna
 12550 | D:9      | Reached skill level 5 in Air Magic
 12949 | D:9      | Reached skill level 5 in Hexes
 13273 | D:9      | Reached skill level 11 in Spellcasting
 13605 | D:9      | Found a snail-covered altar of Cheibriados.
 13719 | D:10     | Entered Level 10 of the Dungeon
 14414 | D:10     | Noticed a centaur warrior
 14432 | D:10     | Killed a centaur warrior
 14432 | D:10     | Reached XP level 11. HP: 45/54 MP: 19/28
 14577 | D:10     | Reached ***** piety under Sif Muna
 14577 | D:10     | Identified Sif Muna's Compendium of Destructive Companions (Sif Muna gifted it to you on level 10 of the Dungeon)
 14577 | D:10     | Received a gift from Sif Muna
 14586 | D:10     | Learned a level 3 spell: Regeneration
 14592 | D:10     | Learned a level 5 spell: Fireball
 14597 | D:10     | Learned a level 4 spell: Summon Lightning Spire
 14654 | D:10     | Noticed a purple ugly thing
 14657 | D:10     | Noticed Joseph
 14666 | D:10     | Killed a purple ugly thing
 14825 | D:10     | Killed Joseph
 14825 | D:10     | Reached skill level 1 in Necromancy
 14864 | D:10     | Reached skill level 1 in Fire Magic
 15131 | D:10     | Got an ichor-stained robe
 15140 | D:10     | Identified the +2 robe of Insatiable Hunger {Str+3 Slay+3} (You took it off an orc priest on level 10 of the Dungeon)
 16756 | D:11     | Found a staircase to the Lair.
 16760 | D:11     | Noticed an oklob plant
 16889 | D:11     | Killed an oklob plant
 17034 | Lair:1   | Entered Level 1 of the Lair of Beasts
 17390 | D:11     | Noticed a hill giant
 17394 | D:11     | Noticed a lindwurm
 17406 | D:11     | Reached skill level 12 in Spellcasting
 17436 | D:11     | a lindwurm changed into a torpor snail
 17437 | D:11     | Noticed a shining eye
 17437 | D:11     | a torpor snail changed into a shining eye
 17443 | D:11     | Killed a hill giant
 17589 | D:11     | Noticed an orc knight
 17687 | D:11     | Noticed a deep elf mage
 17693 | D:11     | Killed a deep elf mage
 17832 | D:11     | Identified Sif Muna's Guide on Assistive Curses (Sif Muna gifted it to you on level 11 of the Dungeon)
 17832 | D:11     | Received a gift from Sif Muna
 17838 | D:11     | Noticed a hill giant
 18064 | D:10     | Killed an orc knight
 18064 | D:10     | Reached XP level 12. HP: 51/59 MP: 0/30
 18437 | D:11     | Found a staircase to the Orcish Mines.
 18454 | D:11     | Learned a level 2 spell: Swiftness
 18460 | D:11     | Learned a level 5 spell: Lightning Bolt
 18711 | D:11     | Reached skill level 5 in Fire Magic
 19462 | D:11     | Found a stormy altar of Qazlal.
 19577 | D:11     | Found a runed door.
 19581 | D:11     | Found an iron altar of Okawaru.
 19602 | D:11     | Found a shadowy altar of Dithmenos.
 19633 | D:11     | Found a glowing silver altar of Zin.
 19641 | D:11     | Found a blossoming altar of Fedhas.
 19653 | D:11     | Found a basalt altar of Yredelemnul.
 19744 | D:11     | Reached skill level 5 in Invocations
 19852 | D:11     | Identified Raimmouz's Collected Works on the Quantum Blaze (Sif Muna gifted it to you on level 11 of the Dungeon)
 19852 | D:11     | Received a gift from Sif Muna
 19857 | D:11     | Learned a level 2 spell: Shroud of Golubria
 20403 | D:11     | Got a faintly glowing halberd
 20404 | D:11     | Identified the +4 halberd of the Apocalypse {chaos, Str+4 Dex-4 SInv} (You found it on level 11 of the Dungeon)
 20452 | D:11     | Learned a level 6 spell: Deflect Missiles
 20458 | D:11     | Learned a level 4 spell: Sticky Flame
 20461 | D:12     | Reached skill level 13 in Spellcasting
 20955 | D:12     | Found a radiant altar of Vehumet.
 21941 | D:13     | Found a hide-covered altar of Uskayaw.
 22259 | D:13     | Noticed a vault guard
 22259 | D:13     | Noticed a vault guard
 22268 | D:13     | Noticed a vault guard
 22268 | D:13     | Noticed a vault guard
 22268 | D:13     | Noticed a vault guard
 22277 | D:13     | Reached skill level 1 in Staves
 22278 | D:13     | Killed a vault guard
 22286 | D:13     | Killed a vault guard
 22295 | D:13     | Noticed a vault guard
 22296 | D:13     | Killed a vault guard
 22296 | D:13     | Reached XP level 13. HP: 46/64 MP: 10/32
 22318 | D:13     | Reached skill level 1 in Fighting
 22397 | D:13     | Found a gate to the Vaults.
 22416 | D:13     | Noticed Sonja
 22426 | D:13     | Slain by a vault guard

Skill      XL: |  1  2  3  4  5  6  7  8  9 10 11 12 13 |
---------------+----------------------------------------+-----
Spellcasting   | 5 6 7 9 10 11 12 13 | 13.4
Air Magic      | 1 2 3 4 5 6 |  6.0
Conjurations   | 2 3 4 5 6 7 8 |  8.2
Stealth        | 3 4 5 6 |  6.7
Dodging        | 3 4 5 6 7 8 9 |  9.4
Charms         | 1 3 4 5 7 |  7.1
Evocations     | 1 2 3 4 5 6 7 |  7.3
Hexes          | 2 4 5 |  5.5
Summonings     | 2 4 5 6 7 |  7.7
Invocations    | 2 4 5 |  5.7
Necromancy     | 3 4 |  4.8
Fire Magic     | 4 6 |  6.1
Staves         | 1 |  1.2
Fighting       | 1 |  1.0
Translocations | |  1.1
Poison Magic   | |  0.7

Action                   |  1- 3 |  4- 6 |  7- 9 | 10-12 | 13-15 || total
-------------------------+-------+-------+-------+-------+-------++-------
Melee: Dagger            |     6 |    10 |       |       |       ||    16
       Quarterstaff      |       |    43 |    29 |       |       ||    72
       Short sword       |       |       |    51 |   182 |       ||   233
       Halberd           |       |       |       |    20 |       ||    20
       Staff             |       |       |       |    13 |       ||    13
 Cast: Magic Dart        |    87 |   127 |   464 |   433 |       ||  1111
       Repel Missiles    |     3 |       |     1 |     1 |       ||     5
       Blink             |     4 |     2 |    10 |    16 |     1 ||    33
       Call Imp          |     2 |     9 |     9 |    15 |       ||    35
       Mephitic Cloud    |     1 |     9 |    25 |    18 |       ||    53
       Conjure Flame     |       |       |     5 |    11 |       ||    16
       Fireball          |       |       |       |   133 |       ||   133
       Slow              |       |       |       |     9 |       ||     9
       Regeneration      |       |       |       |     3 |       ||     3
       Lightning Bolt    |       |       |       |    49 |     4 ||    53
       Sticky Flame      |       |       |       |    13 |       ||    13
       Shroud of Golubri |       |       |       |     1 |       ||     1
       Deflect Missiles  |       |       |       |       |     1 ||     1
Invok: Divine Energy     |       |       |       |     2 |       ||     2
       Channel Magic     |       |       |       |     3 |     1 ||     4
       Stop Divine Energ |       |       |       |     1 |       ||     1
       Forget Spell      |       |       |       |     5 |       ||     5
  Use: Scroll            |       |       |    16 |     4 |       ||    20
 Stab: Confused          |     1 |     2 |     5 |     3 |       ||    11
       Sleeping          |       |     1 |     6 |    12 |       ||    19
       Paralysed         |       |       |     1 |       |       ||     1
       Distracted        |       |       |       |     2 |       ||     2
  Eat: Chunk             |     3 |     3 |    18 |    23 |       ||    47
       Bread ration      |     1 |       |       |       |       ||     1
       Meat ration       |       |       |       |     5 |       ||     5
       Fruit             |       |       |       |     1 |       ||     1
Armor: Robe              |     3 |    32 |    41 |    90 |     1 ||   167
Dodge: Dodged            |    11 |    46 |   156 |   296 |     2 ||   511
       Deflected         |     2 |       |     5 |    10 |     4 ||    21
